Match 45543350
Unlisted

Match 45543350
End
Kradschützen Motorcycle Team
Panzergrenadier Squad
Panzergrenadier Squad
Construct Light Support Kompanie
Assault Grenadier Squad
Fire Support Elements
Flakvierling Half-track
Panzerjäger Mechanized Group
MG34 Team
Construct Panzerarmee Kommand
Panzer III L Medium Tank
2.5-tonne Medical Truck
Armored Reserves
Vehicle Survival Package
Selects Panzerjäger Kommand Battlegroup
Selects GrB 39 Grenade Launcher Requisition
Selects Mine Fields
Panzerpioneer Squad
Panzer IV Assault Group
Panzergrenadier Squad
Emergency Repair Kits
Panzer IV Assault Group
Nico-Nico-Nii~~
Window Shopping
0
0

Comments sign in to comment!

No comments posted yet!